AoeStats
← chewie1706

Arena

506967873Analyzed
3v3 RM · 16d ago on Sep 16, 2026· 46m 4s· 6 players
Game mode
Random Map
Map size
Normal (6 player)
Population
200
Speed
Normal
Resources
Standard
Victory
Conquest
Starting age
Dark Age
Ending age
Imperial Age
RankedLock teamsTeams togetherTeam positionsShared explorationLock speedFull tech treeHidden civsTurbo modeCheats
Victory
Defeat
🇫🇷 Magyars · France
1561
+9
🇫🇷 Cumans · France
1350
+18
🇨🇭 Gurjaras · Switzerland
1221
+23
🇺🇸 Goths · United States
1442
-19
🇺🇸 Shu · United States
1375
-16
🇺🇸 Portuguese · United States
1361
-15
chewie1706
5:04 Loom
8:02 Feudal Age
8:59 Double-Bit Axe
9:45 Fletching
14:36 Horse Collar
18:40 Wheelbarrow
19:22 Town Watch
22:41 Castle Age
21:39 Stone Mining
22:19 Gold Mining
23:46 Bodkin Arrow
23:55 Heavy Plow
24:06 Bow Saw
34:30 Imperial Age
35:19 Bracer
35:42 Padded Archer Armor
38:04 Chemistry
37:08 Crossbowman
39:06 Ballistics
39:15 Parthian Tactics
39:07 Leather Archer Armor
40:11 Thumb Ring
39:27 Heavy Cavalry Archer
40:42 Ring Archer Armor
41:15 Husbandry
41:25 Bloodlines
43:31 Conscription
43:18 Recurve Bow
43:41 Scale Barding Armor
45:09 Hand Cart
45:30 Crop Rotation
45:16 Masonry
45:51 Chain Barding Armor
46:23 Hoardings
45:52 Corvinian Army
46:50 Gold Shaft Mining
AGS.Grimnel
11:44 Feudal Age
15:29 Castle Age
14:36 Double-Bit Axe
15:09 Horse Collar
17:58 Bow Saw
19:32 Wheelbarrow
20:39 Heavy Plow
22:41 Gold Mining
30:25 Imperial Age
27:49 Town Watch
27:50 Loom
29:09 Hand Cart
29:32 Scale Barding Armor
29:39 Forging
30:51 Chain Barding Armor
30:46 Bloodlines
30:37 Husbandry
31:20 Fortified Wall
32:20 Chemistry
31:33 Elite Shrivamsha Rider
33:31 Plate Barding Armor
33:54 Iron Casting
34:47 Masonry
37:24 Architecture
37:08 Fletching
36:53 Light Cavalry
38:19 Hussar
39:37 Ballistics
40:15 Bodkin Arrow
40:20 Padded Archer Armor
40:19 Elite Skirmisher
41:10 Thumb Ring
43:51 Crop Rotation
44:30 Bracer
44:51 Leather Archer Armor
AGS.Sylvatica
8:30 Feudal Age
9:30 Double-Bit Axe
9:26 Horse Collar
20:16 Castle Age
19:28 Wheelbarrow
18:38 Loom
18:47 Gold Mining
21:36 Heavy Plow
21:59 Scale Barding Armor
22:05 Forging
22:28 Bloodlines
22:46 Bow Saw
24:13 Chain Barding Armor
25:16 Iron Casting
25:17 Loom
26:43 Hand Cart
32:44 Imperial Age
31:08 Town Watch
34:08 Plate Barding Armor
33:04 Cavalier
35:53 Blast Furnace
35:06 Paladin
39:00 Masonry
43:07 Conscription
42:36 Light Cavalry
46:12 Town Patrol
47:16 Chemistry
License to Boom
10:18 Feudal Age
10:21 Loom
14:27 Castle Age
13:14 Fletching
21:26 Double-Bit Axe
23:39 Wheelbarrow
23:44 Bow Saw
26:55 Gold Mining
28:34 Crossbowman
29:35 Padded Archer Armor
29:56 Bodkin Arrow
30:44 Thumb Ring
31:47 Coinage
33:00 Horse Collar
34:18 Sanctity
35:14 Leather Archer Armor
35:29 Ballistics
38:29 Imperial Age
38:03 Hand Cart
37:33 Town Watch
38:52 Arbalester
39:46 Forging
40:06 Bracer
41:56 Chemistry
44:48 Heavy Plow
Gilboy
11:12 Feudal Age
15:02 Castle Age
13:48 Double-Bit Axe
13:44 Horse Collar
19:58 Loom
20:35 Bow Saw
22:23 Wheelbarrow
24:32 Hand Cart
24:03 Loom
24:21 Scale Mail Armor
24:31 Forging
24:25 Pikeman
25:33 Squires
25:44 Gold Mining
25:44 Stone Mining
26:54 Chain Mail Armor
36:24 Imperial Age
35:17 Iron Casting
34:55 Heavy Plow
35:22 Anarchy
38:12 Blast Furnace
38:18 Halberdier
45:03 Two-Man Saw
GrizzlyBob
10:34 Feudal Age
14:35 Castle Age
12:33 Double-Bit Axe
12:33 Horse Collar
14:35 Wheelbarrow
16:19 Bow Saw
21:35 Hand Cart
24:21 Gold Mining
24:28 Stone Mining
24:46 Town Watch
28:15 Imperial Age
25:44 Fletching
27:02 Ballistics
26:14 Crossbowman
27:00 Thumb Ring
26:53 Bodkin Arrow
27:28 Heavy Plow
28:42 Padded Archer Armor
28:19 Arbalester
29:07 Bracer
29:47 Conscription
30:18 Gold Shaft Mining
31:08 Leather Archer Armor
32:06 Chemistry
32:12 Loom
32:19 Onager
33:51 Siege Engineers
33:57 Masonry
34:04 Scale Mail Armor
34:14 Forging
34:08 Squires
34:10 Pikeman
35:07 Chain Mail Armor
35:51 Ring Archer Armor
37:19 Plate Mail Armor
36:52 Man-at-Arms
39:39 Halberdier
Connection lost

Rejoining the realm…

Still unreachable

The connection could not be restored.

Session expired

The server has moved on; the page needs a fresh start.